 Dungeon Crawl Stone Soup version 0.30.1-6-gbe392663c4 (webtiles) character file.

Game seed: 13877392370939013235

92 H0rd4k the Charlatan (level 4, -1/32 HPs)
             Began as a Human Artificer on Sept 21, 2023.
             Hit by a stone thrown by a hobgoblin (4 damage)
             ... on level 3 of the Dungeon.
             The game lasted 00:02:05 (2127 turns).

H0rd4k the Charlatan (Human Artificer)              Turns: 2127, Time: 00:02:06

Health: -1/32      AC:  3    Str: 12    XL:     4   Next: 90%
Magic:  4/4        EV: 11    Int: 14    God:
Gold:   146        SH:  0    Dex: 13    Spells: 3/3 levels left

rFire   . . .        q - +0 mace
rCold   . . .        (no shield)
rNeg    . . .        b - +0 leather armour
rPois   .            (no helmet)
rElec   .            (no cloak)
rCorr   .            (no gloves)
SInv    .            (no boots)
Will    .....        (no amulet)
Stlth   +            (no ring)
HPRegen 0.25/turn    (no ring)
MPRegen 0.09/turn

%: no passive effects
@: no status effects
A: no striking features
a: no special abilities


You were on level 3 of the Dungeon.
You visited 1 branch of the dungeon, and saw 3 of its levels.

You collected 146 gold pieces.

Inventory:

Hand Weapons
 q - a +0 mace (weapon)
Missiles
 u - 5 poisoned darts
Armour
 b - a +0 leather armour (worn)
 o - a +0 cloak
Jewellery
 s - a +4 ring of protection
Wands
 c - a wand of flame (8) (quivered)
 d - a wand of charming (10)
Scrolls
 a - a scroll of poison {unknown}
 e - a scroll of fear {unknown}
 h - a scroll of noise {unknown}
 i - a scroll of amnesia {unknown}
 l - 2 scrolls of identify {unknown}
 t - a scroll of immolation {unknown}
Potions
 f - a potion of magic {unknown}
 g - a potion of curing
 j - a potion of invisibility {unknown}
 k - a potion of attraction {unknown}
 m - a potion of lignification {unknown}
 n - a potion of degeneration {unknown}
 p - a potion of mutation {unknown}
 r - a potion of ambrosia {unknown}


   Skills:
 + Level 1.6 Fighting
 + Level 1.7 Maces & Flails
 - Level 2.0 Armour
 + Level 1.6 Dodging
 - Level 1.0 Stealth
 + Level 4.3 Evocations


You had 3 spell levels left.
You didn't know any spells.
Your spell library contained the following spells:

 Spells                   Type           Power      Damage    Failure   Level
 Foxfire                  Conj/Fire      0%         2x1d4     36%         1
 Fireball                 Conj/Fire      0%         3d3       100%        5
 Plasma Beam              Fire/Air       0%         2x1d11    100%        6
 Starburst                Conj/Fire      0%         6d3       100%        6


Dungeon Overview and Level Annotations

Branches:
Dungeon (3/15)

Altars:

Shops:
D:2 =

Annotations:
D:3 Grinder


Message History

A giant cockroach is nearby!
A giant cockroach is nearby!
You barely miss the giant cockroach. The giant cockroach bites you.
The giant cockroach misses you.
You hit the giant cockroach.
You kill the giant cockroach!
A hobgoblin comes into view. It is wielding a +0 dagger.
The hobgoblin shouts!
A hobgoblin is nearby!
A hobgoblin is nearby!
You see here 10 gold pieces.
You closely miss the hobgoblin.
The hobgoblin hits you with a +0 dagger. x2
You closely miss the hobgoblin.
The hobgoblin hits you with a +0 dagger.
Grinder shouts!
You hit the hobgoblin but do no damage.
The hobgoblin hits you with a +0 dagger.
You hit the hobgoblin.
The hobgoblin is severely wounded.
The hobgoblin hits you with a +0 dagger.
The hobgoblin barely misses you.
You barely miss the hobgoblin.
The hobgoblin is severely wounded.
The hobgoblin hits you with a +0 dagger.
* * * LOW HITPOINT WARNING * * *
The hobgoblin throws a stone.
The stone barely misses you. Grinder gestures at you.
Pain shoots through your body!
* * * LOW HITPOINT WARNING * * *
The hobgoblin throws a stone.
The stone hits you.
* * * LOW HITPOINT WARNING * * *
Aiming: Charm
Press: ? - help, Shift-Dir - straight line, f/p - Grinder
Aim: Grinder (chance to affect: 60%) Grinder is charmed.
Grinder hits the hobgoblin but does no damage.
Unknown command.
The hobgoblin throws a stone.
The stone hits you.
You die...

#.....###### #.# #.#
#..........######.# #.######
#.................# #.......
#........##############...
#........# #...# #.#.
###########.#########.†.# #.##
....... #.........#...# #...
.......###########.##...########
.......$...5g..@................
.......###########.##...####.###
........ #######.##...# ##.#
........ #.......########..#
........ #.................#
........ #......#####..###.#
#.###### #..............##.###
#.## #..............##.... ...#
#..............##.###


You could see a hobgoblin and the friendly Grinder (charmed).

Vanquished Creatures
  Ijyb (D:3)
  Terence (D:2)
  A worm (D:2)
  A dart slug (D:2)
  2 endoplasms
  2 giant cockroaches
  2 goblins
  2 hobgoblins
  4 kobolds
  2 quokkas
  5 bats (D:1)
  2 frilled lizards
  4 rats
29 creatures vanquished.

Vanquished Creatures (collateral kills)
  A worm (D:3)
  A dart slug (D:3)
  An orc (D:3)
  A frilled lizard (D:2)
  A kobold (D:3)
5 creatures vanquished.

Vanquished Creatures (others)
  An adder (D:3)
1 creature vanquished.

Grand Total: 35 creatures vanquished

Notes
Turn   | Place    | Note
-------+----------+-------------------------------------------
     0 | D:1      | H0rd4k the Human Artificer began the quest for the Orb.
     0 | D:1      | Reached XP level 1. HP: 15/15 MP: 1/1
   299 | D:1      | Reached XP level 2. HP: 13/21 MP: 2/2
  1196 | D:2      | Noticed Terence
  1231 | D:2      | Killed Terence
  1232 | D:2      | Reached skill level 1 in Maces & Flails
  1232 | D:2      | Reached skill level 4 in Evocations
  1232 | D:2      | Reached XP level 3. HP: 26/26 MP: 3/3
  1304 | D:2      | Reached XP level 4. HP: 9/32 MP: 4/4
  1687 | D:2      | Found Qixt's Jewellery Shoppe.
  1956 | D:3      | Noticed Ijyb
  1958 | D:3      | Killed Ijyb
  1961 | D:3      | Noticed Grinder
  2120 | D:3      | HP: 1/32 [hobgoblin/stone (2)]
  2127 | D:3      | Hit by a stone thrown by a hobgoblin

Illustrated notes

Levels and vault maps discovered:
D:1:      dpeg_arrival_connections, layout_basic,
          hangedman_abyss_or_decor_lesser_grid
D:2:      layout_basic, serial_shops, shop, uniq_terence
D:3:      layout_basic, uniq_grinder, uniq_ijyb

Skill      XL: |  1  2 |
---------------+-------+-----
Maces & Flails | 1 |  1.7
Evocations     | 4 |  4.3
Fighting       | |  1.6
Armour         | |  2.0
Dodging        | |  1.6
Stealth        | |  1.0

Action                     |  1- 3 |  4- 6 || total
---------------------------+-------+-------++-------
  Melee: Club              |    65 |       ||    65
         Punch             |     1 |       ||     1
         Mace              |    11 |    32 ||    43
  Evoke: Wand              |     8 |     9 ||    17
    Use: Potion            |       |     1 ||     1
   Stab: Sleeping          |     3 |       ||     3
 Armour: Leather armour    |    26 |     9 ||    35
  Dodge: Dodged            |    55 |    22 ||    77
